 Dungeon Crawl Stone Soup version 0.17.1-3-g152610e (webtiles) character file.

1691 pipel the Insei (level 9, 0/48 HPs)
             Began as a Vine Stalker Monk on Apr 10, 2016.
             Succumbed to a killer bee's poison
             ... on level 9 of the Dungeon.
             The game lasted 00:27:44 (2030 turns).

pipel the Insei (Vine Stalker Monk)                 Turns: 2030, Time: 00:27:44

Health: 0/48       AC:  3    Str: 13    XL:     9   Next: 2%
Magic:  1/10       EV: 17    Int: 11    God:
Gold:   282        SH:  0    Dex: 20    Spells: 0 memorised, 8 levels left

rFire  + . .     SeeInvis .       - Unarmed
rCold  . . .     Clarity  .     i - +0 robe {rN+}
rNeg   + . .     SustAt   .     (no shield)
rPois  .         Gourm    .     (no helmet)
rElec  .         Spirit   +     k - +0 cloak
rCorr  .         Warding  .     (no gloves)
rMut   .         Stasis   .     (no boots)
MR     +....                    (no amulet)
Stlth  +++.......               (no ring)
                                l - ring of protection from fire

@: lethally poisoned (0 -> -5), flying, somewhat resistant to hostile
enchantments, fairly stealthy
A: fangs 3, regeneration 2, magic shield, antimagic bite, no device heal 3, rot
immunity
a: no special abilities


You were on level 9 of the Dungeon.
You were not hungry.

You visited 1 branch of the dungeon, and saw 9 of its levels.
You also visited: Bailey.

You collected 282 gold pieces.

Inventory:

Missiles
 g - a tomahawk (quivered)
 m - 33 poisoned needles
Armour
 a - a +1 robe
 i - a +0 robe of positive energy (worn)
 k - a +0 cloak (worn)
Magical Staves
 d - an uncursed staff of energy
Jewellery
 l - a ring of protection from fire (left hand)
Wands
 j - a wand of slowing (6)
 n - a wand of polymorph (20)
 q - a wand of draining (9)
Scrolls
 c - 4 scrolls of enchant armour
 e - a scroll of remove curse
 p - a scroll of identify
 r - a scroll of vulnerability {unknown}
Potions
 o - a potion of curing {unknown}
Comestibles
 b - 4 bread rations
 h - 10 royal jellies


   Skills:
 + Level 6.0 Fighting
 - Level 0.1 Throwing
 + Level 5.8 Dodging
 - Level 3.2 Stealth
 + Level 7.8 Unarmed Combat
 - Level 1.0 Evocations


You had 8 spell levels left.
You didn't know any spells.

Dungeon Overview and Level Annotations

Branches:
Dungeon (9/15)
 Temple: D:4-7         Lair: D:8-11         Orc: D:9-12

Altars:
Ru
Xom

Annotations:
D:3 Robin
D:4 exclusions: downstairs and upstairs
D:5 Yermak's ghost, amateur CeWn
D:6 Dowan; Duvessa
D:7 exclusion: upstairs


Innate Abilities, Weirdness & Mutations

You have razor-sharp teeth.
You heal very quickly.
When hurt, damage is shared between your health and your magic reserves.
Your bite disrupts and absorbs the magic of your enemies.
Potions and wands cannot restore your health.
You are immune to rotting.


Message History

You feel sick. The killer bee closely misses you. The killer bee misses you.
You completely miss the killer bee. Your bite misses the killer bee.
The killer bee is heavily wounded.
The killer bee closely misses you. The killer bee misses you.
The killer bee stings you. The killer bee completely misses you.
You closely miss the killer bee. Your bite misses the killer bee.
The killer bee is heavily wounded.
You feel sick. The killer bee stings you!
* * * LOW HITPOINT WARNING * * *
The killer bee completely misses you. The killer bee stings you!
* * * LOW HITPOINT WARNING * * *
The killer bee stings you.
* * * LOW HITPOINT WARNING * * *
You are more poisoned.
The killer bee poisons you!
Drink which item? (? for menu, Esc to quit)
It was a potion of flight.
You feel very buoyant.
You fly up into the air.
You die...

#...≈≈≈≈≈...........
#....≈≈≈.......≈≈≈..
##.............≈≈≈≈≈.
.###..............≈≈≈≈≈.
..................≈≈≈≈≈.
...................≈≈≈..
...................[....
).......................
......y@.......[..).....
#.....y....)###..)∩)....
##.........## ##..).....
##........# #........
##.......# #........
##....... #.........
##..................
##.................
##................


You could see 2 killer bees.

Vanquished Creatures
  2 hippogriffs
  A hungry ghost (D:9)
  Menkaure (D:6)
  A black bear (D:9)
  A necrophage (D:7)
  3 giant frogs
  A centaur (D:6)
  A water moccasin zombie (D:9)
  A killer bee (D:9)
  4 wights (D:9)
  A crimson imp (D:8)
  3 hounds
  3 jellies (D:9)
  An orc wizard (D:4)
  A centaur skeleton (D:9)
  2 iguanas
  Jessica (D:3)
  A hound zombie (D:9)
  2 adders
  An adder zombie (D:7)
  5 oozes (D:9)
  An adder skeleton (D:6)
  A worm (D:3)
  12 orcs
  A ball python (D:4)
  A hobgoblin (D:3)
  A quokka (D:6)
  2 bats (D:1)
  A giant gecko zombie (D:7)
  A kobold (D:1)
  A quokka skeleton (D:6)
  A rat (D:2)
60 creatures vanquished.

Notes
Turn   | Place    | Note
--------------------------------------------------------------
     0 | D:1      | pipel the Vine Stalker Monk began the quest for the Orb.
     0 | D:1      | Reached XP level 1. HP: 11/11 MP: 2/2
   170 | D:2      | Reached XP level 2. HP: 10/16 MP: 3/3
   239 | D:3      | Noticed Robin
   257 | D:3      | Reached XP level 3. HP: 13/19 MP: 1/4
   283 | D:3      | Noticed Jessica
   286 | D:3      | Killed Jessica
   340 | D:5      | Entered Level 5 of the Dungeon
   346 | D:5      | Reached XP level 4. HP: 24/24 MP: 5/5
   409 | D:4      | Reached skill level 5 in Unarmed Combat
   423 | D:5      | Noticed an ogre
   438 | D:5      | Noticed Yermak's ghost (amateur CeWn)
   459 | D:5      | Noticed an ice beast
   542 | D:4      | Reached XP level 5. HP: 12/28 MP: 6/6
   810 | D:6      | Found a shimmering altar of Xom.
   810 | D:6      | Noticed a centaur
   819 | D:6      | Killed a centaur
   819 | D:6      | Gained mutation: You heal very quickly. [Vine Stalker growth]
   819 | D:6      | Reached XP level 6. HP: 3/32 MP: 4/7
   851 | D:6      | Noticed Duvessa
   851 | D:6      | Noticed Dowan
   977 | D:7      | Noticed a hippogriff
  1056 | D:7      | HP: 1/32 [hippogriff (4)]
  1082 | D:7      | Killed a hippogriff
  1082 | D:7      | Reached skill level 6 in Unarmed Combat
  1123 | D:7      | Reached XP level 7. HP: 28/37 MP: 8/8
  1314 | D:6      | Noticed Menkaure
  1325 | D:6      | HP: 1/37 [iguana (5)]
  1352 | D:6      | Killed Menkaure
  1403 | D:7      | Reached skill level 1 in Evocations
  1473 | D:7      | Found a sacrificial altar of Ru.
  1622 | D:9      | Found a flagged portal.
  1689 | D:9      | Gained mutation: You have razor-sharp teeth. [Vine Stalker growth]
  1689 | D:9      | Reached XP level 8. HP: 35/42 MP: 9/9
  1703 | Bailey   | Entered a bailey
  1722 | D:9      | Reached skill level 5 in Dodging
  1737 | D:9      | Reached skill level 5 in Fighting
  1758 | D:9      | Reached skill level 7 in Unarmed Combat
  1830 | D:8      | Noticed a hippogriff
  1830 | D:8      | Noticed a hungry ghost
  1846 | D:9      | Killed a hungry ghost
  1885 | D:9      | Killed a hippogriff
  1973 | D:9      | Reached XP level 9. HP: 26/48 MP: 10/10
  2029 | D:9      | HP: 2/48 [killer bee (3)]
  2030 | D:9      | Succumbed to a killer bee's poison

Action                   |  1- 3 |  4- 6 |  7- 9 || total
-------------------------+-------+-------+-------++-------
Melee: Unarmed           |    34 |    82 |   159 ||   275
Throw: Throwing net      |     1 |     1 |       ||     2
       Tomahawk          |       |       |     5 ||     5
Evoke: Wand              |       |     5 |     9 ||    14
  Use: Scroll            |       |     6 |     2 ||     8
       Potion            |       |       |     1 ||     1
 Stab: Sleeping          |     1 |     1 |     3 ||     5
       Distracted        |       |       |     1 ||     1
  Eat: Chunk             |       |     1 |     2 ||     3
       Beef jerky        |       |       |     1 ||     1
